 Dungeon Crawl Stone Soup version 0.20.1-1-g8b1a95d (webtiles) character file.

86 Inarius the Chiller (level 4, -3/34 HPs)
             Began as a Demigod Ice Elementalist on Dec 27, 2017.
             Slain by Sigmund
             ... wielding a +0 scythe of freezing
              (4 damage)
             ... on level 2 of the Dungeon.
             The game lasted 00:06:27 (1941 turns).

Inarius the Chiller (Demigod Ice Elementalist)      Turns: 1941, Time: 00:06:27

Health: -3/34      AC:  2    Str: 11    XL:     4   Next: 5%
Magic:  1/10       EV: 13    Int: 21    God:
Gold:   42         SH:  4    Dex: 16    Spells: 2/8 levels left

rFire    . . .     SeeInvis .   m - +0 short sword
rCold    . . .     Gourm    .   (no shield)
rNeg     . . .     Faith    .   a - +0 robe
rPois    .         Spirit   .   (no helmet)
rElec    .         Reflect  +   (no cloak)
rCorr    .         Harm     .   (no gloves)
MR       .....                  (no boots)
Stlth    ++........             d - +4 amulet of reflection
Regen    0.2/turn               (no ring)
MPRegen  0.2/turn               (no ring)

@: no status effects
A: high mp 1
a: no special abilities


You were on level 2 of the Dungeon.
You were not hungry.

You visited 1 branch of the dungeon, and saw 2 of its levels.

You collected 42 gold pieces.

Inventory:

Hand Weapons
 m - a +0 short sword (weapon)
Armour
 a - a +0 robe (worn)
 n - a +0 leather armour
Jewellery
 d - a +4 amulet of reflection (around neck)
Scrolls
 e - 2 scrolls of identify {unknown}
 f - a scroll of noise {unknown}
 g - a scroll of magic mapping {unknown}
 k - a scroll of enchant weapon {unknown}
 l - 3 scrolls of fog {unknown}
Potions
 h - a potion of magic {unknown}
 o - a potion of lignification {unknown}
Books
 b - a book of Frost

   Spells                             Type                      Level
   a - Freeze                         Ice                          1
   b - Throw Frost                    Conjuration/Ice              2
   c - Ozocubu's Armour               Charms/Ice                   3
   d - Throw Icicle                   Conjuration/Ice              4
   e - Summon Ice Beast               Ice/Summoning                4
Comestibles
 c - 2 bread rations
 j - 2 chunks of flesh


   Skills:
 + Level 0.5 Fighting
 - Level 0.1 Short Blades
 + Level 2.3 Dodging
 - Level 1.7 Stealth
 + Level 2.7 Spellcasting
 + Level 1.2 Conjurations
 + Level 3.3 Ice Magic


You had 2 spell levels left.
You knew the following spells:

 Your Spells              Type           Power        Failure   Level  Hunger
a - Freeze                Ice            ###.         3%          1    None
b - Throw Frost           Conj/Ice       ##....       8%          2    ##.....
c - Ozocubu's Armour      Chrm/Ice       #.......     21%         3    ###....


Dungeon Overview and Level Annotations

Branches:
Dungeon (2/15)

Annotations:
D:2 Sigmund


Innate Abilities, Weirdness & Mutations

You have an increased reservoir of magic. (+10% MP)


Message History

Aiming: Throw Frost
Press: ? - help, Shift-Dir - straight line, f/p - adder
Aim: an adder (heavily wounded)
The puff of frost hits the adder.
The adder is almost dead.
The bat closely misses you. The adder bites you.
You block the frilled lizard's attack.
Casting: Throw Frost
Confirm with . or Enter, or press ? or * to list all spells.
Aiming: Throw Frost
Press: ? - help, Shift-Dir - straight line, f/p - adder
Aim: an adder (almost dead)
The puff of frost hits the adder.
You kill the adder!
You have reached level 4!
The bat hits you. The frilled lizard barely misses you.
You block the bat's attack. The frilled lizard bites you. Something hits you!
* * * LOW HITPOINT WARNING * * *
Something freezes you.
You die...

............#.#
.........#....####
................. ...
.>......$.#..#.... ...
####........†).....# ....
.#..................# ..... .
..............{.b#.####.....
#.##............l..#..........
...............@..##.).......
#..........................
#.........................#
####..........................
#.....÷...........############
....÷.######......... ##<.###
####...... ##.## #....... #.#
#.......


You could see a bat and a frilled lizard.

Vanquished Creatures
  2 adders
  2 oozes
  A worm (D:2)
  4 dart slugs
  A leopard gecko (D:2)
  A ball python (D:1)
  5 bats
  A giant cockroach (D:2)
  7 goblins
  2 hobgoblins (D:2)
  6 jackals
  7 kobolds
  6 rats
45 creatures vanquished.

Notes
Turn   | Place    | Note
-------+----------+-------------------------------------------
     0 | D:1      | Inarius the Demigod Ice Elementalist began the quest for the Orb.
     0 | D:1      | Reached XP level 1. HP: 14/14 MP: 5/5
   315 | D:1      | Reached skill level 3 in Ice Magic
   457 | D:1      | Reached XP level 2. HP: 16/20 MP: 4/7
   461 | D:1      | Learned a level 2 spell: Throw Frost
   925 | D:1      | Reached skill level 1 in Conjurations
  1123 | D:1      | Reached XP level 3. HP: 26/26 MP: 1/9
  1128 | D:1      | Learned a level 3 spell: Ozocubu's Armour
  1572 | D:2      | Noticed Sigmund
  1940 | D:2      | Reached XP level 4. HP: 17/34 MP: 1/10
  1941 | D:2      | HP: 1/34 [something (13)]
  1941 | D:2      | Slain by Sigmund

Skill      XL: |  1  2 |
---------------+-------+-----
Spellcasting   | 2 |  2.7
Ice Magic      | 3 |  3.3
Conjurations   | 1 |  1.2
Dodging        | 2 |  2.3
Fighting       | |  0.5
Short Blades   | |  0.1
Stealth        | |  1.7

Action                   |  1- 3 |  4- 6 || total
-------------------------+-------+-------++-------
Melee: Unarmed           |     8 |       ||     8
       Dagger            |    44 |       ||    44
       Short sword       |    32 |       ||    32
 Cast: Freeze            |    15 |       ||    15
       Throw Frost       |    39 |     1 ||    40
  Use: Potion            |     1 |       ||     1
 Stab: Sleeping          |     1 |       ||     1
  Eat: Chunk             |     6 |       ||     6
Armor: Robe              |    23 |       ||    23
Dodge: Dodged            |   100 |     1 ||   101
Block: Other             |    24 |     1 ||    25
